 Dungeon Crawl Stone Soup version 0.31-a0-16-g6d2539766c (webtiles) character file.

Game seed: 6875494062015832366

585 IdlyInterested the Cutter (level 7, -6/52 HPs)
             Began as a Demonspawn Wanderer on May 8, 2023.
             Splashed by a jelly's acid (8 damage)
             ... on level 5 of the Dungeon.
             The game lasted 00:16:32 (3439 turns).

IdlyInterested the Cutter (Demonspawn Wanderer)     Turns: 3439, Time: 00:16:33

Health: -6/52      AC:  0    Str: 12    XL:     7   Next: 15%
Magic:  11/11      EV:  6    Int: 17    God:
Gold:   190        SH:  0    Dex: 11    Spells: 12/12 levels left

rFire   . . .        H - +0 dagger (elec)
rCold   . . .        (no shield)
rNeg    + . .        G - +0 chain mail
rPois   .            (no helmet)
rElec   .            (no cloak)
rCorr   .            (no gloves)
SInv    .            o - +0 pair of boots
Will    +....        (no amulet) Stlth
                     t - ring of willpower
HPRegen 0.28/turn    v - ring of positive energy
MPRegen 0.12/turn

%: no passive effects
@: mighty, corroded
A: molten scales 1, powered by pain 1, demonic magic 1, demonic touch 2
a: no special abilities


You were on level 5 of the Dungeon.
You visited 1 branch of the dungeon, and saw 5 of its levels.

You collected 190 gold pieces.

Inventory:

Hand Weapons
 a - a +1 dagger
 g - a +3 trident of protection
 F - a +0 rapier
 H - a +0 dagger of electrocution (weapon)
Missiles
 b - an atropa-tipped dart
 c - 2 datura-tipped darts
 h - 30 stones (quivered)
Armour
 e - a +0 robe
 i - a +0 leather armour
 n - a +0 scale mail
 o - a +0 pair of boots (worn)
 s - a +0 robe
 y - a +0 ring mail
 A - a +0 robe
 G - a +0 chain mail (worn)
 J - a +0 robe
Magical Staves
 f - a staff of conjuration
Jewellery
 t - a ring of willpower (left hand)
 v - a ring of positive energy (right hand)
 z - a ring of wizardry
Wands
 u - a wand of polymorph (8)
 w - a wand of mindburst (14)
Scrolls
 d - a scroll of silence
 l - a scroll of amnesia {unknown}
 m - a scroll of poison {unknown}
 p - a scroll of immolation
 q - a scroll of enchant weapon
 r - a scroll of acquirement
 C - a scroll of teleportation
 I - a scroll of blinking
 K - a scroll of identify
Potions
 j - a potion of curing
 k - a potion of might
 x - a potion of mutation
 B - a potion of berserk rage
 D - a potion of cancellation
 E - a potion of attraction
 L - a potion of haste {unknown}


   Skills:
 - Level 3.0 Fighting
 * Level 4.4 Short Blades
 - Level 1.0 Throwing
 - Level 1.0 Armour
 - Level 2.0 Dodging
 - Level 4.0 Stealth
 + Level 3.3 Spellcasting
 - Level 1.0 Conjurations
 + Level 0.3 Hexes
 - Level 1.0 Transmutations
 - Level 2.0 Evocations


You had 12 spell levels left.
You didn't know any spells.
Your spell library contained the following spells:

 Spells                   Type           Power      Damage    Failure   Level
 Sandblast                Erth           4%         2d4       99%         1
 Passwall                 Tmut/Erth      3%         N/A       99%         2
 Wereblood                Tmut           6%         N/A       99%         2
 Dazzling Flash           Conj/Hex       10%        N/A       100%        3
 Stone Arrow              Conj/Erth      8%         3d7       100%        3
 Volatile Blastmotes      Fire/Tloc      4%         2d10      100%        3
 Iskenderun's Mystic Bla  Conj/Tloc      4%         2d3       100%        4
 Starburst                Conj/Fire      2%         6d3       100%        6


Dungeon Overview and Level Annotations

Branches:
Dungeon (5/15)
 Temple: D:4-7

Altars:
Kikubaaqudgha
Sif Muna
Wu Jian


Innate Abilities, Weirdness & Mutations

You are partially covered in molten scales. (AC +2)
You sometimes gain a little power by taking damage.
Spells you cast may paralyse adjacent enemies.
Your touch may inflict irresistible damage on your foes.


Message History

L - a fizzy pink potion A jelly comes into view.
The jelly quivers.
The howler monkey hits you.
You closely miss the howler monkey.
The howler monkey hoots and howls with incredible vigour!
You puncture the howler monkey! Your touch misses the howler monkey.
Your punch misses the howler monkey.
The howler monkey is heavily wounded.
The howler monkey hits you.
You closely miss the howler monkey. Your touch misses the howler monkey.
The howler monkey is heavily wounded.
The howler monkey hits you.
You closely miss the howler monkey.
The howler monkey is moderately wounded.
The howler monkey hits you but does no damage.
You barely miss the howler monkey. Your touch misses the howler monkey.
The howler monkey is moderately wounded.
The howler monkey hits you but does no damage.
You puncture the howler monkey!
Lightning courses through the howler monkey!!
You kill the howler monkey!
The jelly hits you.
You are splashed with acid!
* * * LOW HITPOINT WARNING * * *
You see here a howler monkey corpse.
You hit the jelly. The acid corrodes you!
Your hands burn!
* * * LOW HITPOINT WARNING * * *
The jelly is lightly wounded.
The jelly barely misses you.
You hit the jelly. The acid corrodes you!
Your hands burn!
* * * LOW HITPOINT WARNING * * *
The jelly is heavily wounded.
The jelly hits you but does no damage.
You hit the jelly but do no damage.
Your hands burn!
* * * LOW HITPOINT WARNING * * *
The jelly is heavily wounded.
The jelly hits you.
* * * LOW HITPOINT WARNING * * *
The acid corrodes you!
You are splashed with acid!
You die...

.......
#########.......
##.....#.....#.#..
##........(.......$
#.................
#)..............#
#..........?....#
#.........@.....# .
#..........J....##....
##............<.......
##.#################.
###


You could see a jelly.

Vanquished Creatures
  Menkaure (D:5)
  An ogre (D:4)
  A scorpion (D:4)
  A howler monkey (D:5)
  2 orc priests
  Jessica (D:3)
  5 gnolls
  3 adders
  An ufetubus (D:4)
  3 worms
  3 dart slugs
  10 orcs
  5 bats
  4 bat zombies (D:4)
  8 endoplasms
  2 giant cockroaches
  4 goblins
  8 hobgoblins
  8 jackals (D:2)
  A quokka (D:2)
  4 ball pythons
  3 frilled lizards
  6 kobolds
  4 rats
  2 rat zombies (D:4)
91 creatures vanquished.

Vanquished Creatures (collateral kills)
  A gnoll (D:2)
  A hobgoblin (D:2)
  A rat (D:2)
3 creatures vanquished.

Vanquished Creatures (others)
  A gnoll (D:2)
1 creature vanquished.

Grand Total: 95 creatures vanquished

Notes
Turn   | Place    | Note
-------+----------+-------------------------------------------
     0 | D:1      | IdlyInterested the Demonspawn Wanderer began the quest for
                  | the Orb.
     0 | D:1      | IdlyInterested set off with the following items: a +1
                  | dagger, 2 atropa-tipped darts, 2 datura-tipped darts, a
                  | scroll of silence, a +0 robe; and the following spells
                  | available to memorise: Passwall, Wereblood.
     0 | D:1      | Reached XP level 1. HP: 16/16 MP: 4/4
   290 | D:1      | Gained mutation: Spells you cast may paralyse adjacent
                  | enemies. [demonic ancestry]
   290 | D:1      | Reached XP level 2. HP: 21/23 MP: 6/6
   635 | D:1      | Reached skill level 1 in Throwing
   823 | D:2      | Reached skill level 1 in Evocations
   823 | D:2      | Gained mutation: You sometimes gain a little power by
                  | taking damage. [demonic ancestry]
   823 | D:2      | Reached XP level 3. HP: 10/29 MP: 7/7
  1207 | D:2      | Reached skill level 1 in Conjurations
  1261 | D:2      | Reached skill level 1 in Short Blades
  1300 | D:2      | You fall into a shaft and drop 1 floor!
  1320 | D:3      | Reached XP level 4. HP: 35/35 MP: 8/8
  1332 | D:3      | Reached skill level 1 in Transmutations
  1698 | D:2      | Gained mutation: Your touch may inflict minor irresistible
                  | damage on your foes. [demonic ancestry]
  1698 | D:2      | Reached XP level 5. HP: 38/41 MP: 9/9
  2059 | D:3      | Found an ornate altar of the Wu Jian Council.
  2124 | D:3      | Found a faded altar of an unknown god.
  2213 | D:3      | Noticed Jessica
  2219 | D:3      | Killed Jessica
  2222 | D:3      | Found a shimmering blue altar of Sif Muna.
  2678 | D:4      | Identified a scroll of acquirement
  2789 | D:4      | Gained mutation: Your touch may inflict irresistible damage
                  | on your foes. [demonic ancestry]
  2789 | D:4      | Reached XP level 6. HP: 21/47 MP: 10/10
  3293 | D:4      | Found an ancient bone altar of Kikubaaqudgha.
  3401 | D:5      | Entered Level 5 of the Dungeon
  3405 | D:5      | Noticed Menkaure
  3413 | D:5      | Killed Menkaure
  3414 | D:5      | Gained mutation: You are partially covered in molten
                  | scales. (AC +2) [demonic ancestry]
  3414 | D:5      | Reached XP level 7. HP: 26/52 MP: 11/11
  3439 | D:5      | HP: 2/52 [jelly (1)]
  3439 | D:5      | Splashed by a jelly's acid

Illustrated notes

Levels and vault maps discovered:
D:1:      lightli_arrival_windingriver, layout_basic, minmay_distorted
D:2:      layout_loops_ring
D:3:      layout_rooms, tgw_sif, lemuel_round_altar,
          shapermc_ecumenical_altar_flowoftime
D:4:      cheibrodos_pilgrimage, layout_rooms, lemuel_zombie_altar_kikubaaqudgha
D:5:      layout_rooms, fedhas_altar_fruit_tree, nicolae_ossuary_entry_ruins,
          uniq_menkaure

Skill      XL: |  1  2  3  4  5  6 |
---------------+-------------------+-----
Throwing       | 1 |  1.0
Fighting       | 3 |  3.0
Evocations     | 1 2 |  2.0
Conjurations   | 1 |  1.0
Short Blades   | 1 2 3 4 |  4.4
Stealth        | 3 4 |  4.0
Transmutations | 1 |  1.0
Dodging        | 2 |  2.0
Armour         | |  1.0
Spellcasting   | |  3.3
Hexes          | |  0.3

Action                     |  1- 3 |  4- 6 |  7- 9 || total
---------------------------+-------+-------+-------++-------
  Melee: Spear             |    19 |       |       ||    19
         Dagger            |    19 |    84 |     9 ||   112
         Trident           |    65 |   109 |       ||   174
         Punch             |       |     3 |       ||     3
         Touch             |       |    31 |       ||    31
  Throw: Dart              |     4 |       |       ||     4
         Stone             |     3 |    14 |       ||    17
    Use: Scroll            |     1 |    11 |       ||    12
         Potion            |       |     2 |       ||     2
   Stab: Sleeping          |     1 |       |       ||     1
 Armour: Leather armour    |     7 |       |       ||     7
         Robe              |     1 |       |       ||     1
         Scale mail        |    14 |    70 |       ||    84
         Chain mail        |       |    17 |     3 ||    20
  Dodge: Dodged            |    60 |    76 |     1 ||   137

Table legend: (Time is in decaauts)
 A = Elapsed time spent in this place.
 B = Non-inter-level travel time spent in this place.
 C = Inter-level travel time spent in this place.
 D = Time resting spent in this place.
 E = Time spent auto-exploring this place.
 F = Levels seen in this place.
 G = Mean time per level.
                   A        B        C        D        E       F      G
               +--------+--------+--------+--------+--------+-----+--------+
         Total |   3471 |   3153 |    318 |    330 |   1646 |   5 |  694.2 |
       Dungeon |   3471 |   3153 |    318 |    330 |   1646 |   5 |  694.2 |
               +--------+--------+--------+--------+--------+-----+--------+

Top non-repeatable levels by time:
     D:1: 918 daAuts
     D:2: 896 daAuts
     D:3: 811 daAuts
     D:4: 809 daAuts
     D:5: 34 daAuts
